 Dungeon Crawl Stone Soup version 0.30.0-29-ga12c61a403 (webtiles) character file.

Game seed: 10172834479627324353

31390 Graphine the Severer (level 13, -7/125 HPs)
             Began as a Hill Orc Monk on June 24, 2023.
             Was a Believer of Uskayaw.
             Mangled by a kraken (14 damage)
             ... on level 1 of the Shoals.
             The game lasted 00:25:59 (14504 turns).

Graphine the Severer (Hill Orc Monk)               Turns: 14504, Time: 00:26:00

Health: -7/125     AC: 18    Str: 19    XL:     13   Next: 57%
Magic:  24/24      EV:  9    Int: 14    God:    Uskayaw [**....]
Gold:   734        SH:  5    Dex: 13    Spells: 12/12 levels left

rFire   . . .        b - +7 battleaxe of the Loving Gods {drain, Int+4}
rCold   + . .        (shield currently unavailable)
rNeg    . . .        n - +3 chain mail
rPois   .            q - +0 helmet
rElec   .            R - +0 cloak
rCorr   .            (no gloves)
SInv    .            O - +0 pair of boots
Will    .....        E - amulet of reflection Stlth
                     h - ring of protection from cold
HPRegen 0.40/turn    V - ring of flight
MPRegen 0.19/turn

%: reflection
@: flying
A: no striking features
a: Renounce Religion, Stomp, Line Pass


You were on level 1 of the Shoals.
You worshipped Uskayaw.
Uskayaw was pleased with you.
You visited 3 branches of the dungeon, and saw 15 of its levels.
You also visited: Sewer and Ossuary.

You collected 1064 gold pieces.
You spent 330 gold pieces at shops.

Inventory:

Hand Weapons
 b - the +7 battleaxe of the Loving Gods (weapon) {drain, Int+4}
   (You acquired it in a sewer)

   Int:       It affects your intelligence (+4).
 U - a +2 mace of holy wrath
Missiles
 g - 2 silver javelins (quivered)
 G - 11 javelins
 Y - 5 throwing nets
Armour
 n - a +3 chain mail (worn)
 q - a +0 helmet (worn)
 O - a +0 pair of boots (worn)
 R - a +0 cloak (worn)
Jewellery
 h - a ring of protection from cold (left hand)
 i - a +4 ring of protection
 l - a +4 ring of protection
 E - an amulet of reflection (around neck)
 N - a ring of see invisible
 S - a ring of willpower
 T - a ring of willpower
 V - a ring of flight (right hand)
Wands
 a - a wand of acid (5)
 e - a wand of flame (5)
 r - a wand of charming (11)
 B - a wand of roots (10)
 L - a wand of mindburst (13)
 Z - a wand of digging (6)
Scrolls
 d - 4 scrolls of silence
 j - 2 scrolls of fear
 s - 8 scrolls of teleportation
 x - 3 scrolls of fog
 C - a scroll of immolation
 H - 7 scrolls of blinking
 K - a scroll of brand weapon
 Q - 2 scrolls of summoning
 X - 4 scrolls of poison
Potions
 c - a potion of ambrosia
 f - 6 potions of brilliance
 k - a potion of invisibility
 m - 6 potions of heal wounds
 p - 3 potions of degeneration {unknown}
 t - 2 potions of flight {unknown}
 u - 3 potions of might
 v - 3 potions of resistance
 z - 9 potions of curing
 D - 2 potions of mutation {unknown}
 I - 3 potions of cancellation {unknown}
 J - 2 potions of berserk rage {unknown}
 M - 2 potions of magic {unknown}
Miscellaneous
 F - a box of beasts
 W - a condenser vane


   Skills:
 * Level 14.9 Fighting
 * Level 16.1 Axes
 + Level 9.7 Armour
 - Level 2.4 Dodging
 - Level 0.5 Shields
 * Level 15.6 Invocations


You had 12 spell levels left.
You didn't know any spells.
Your spell library contained the following spells:

 Spells                   Type           Power      Damage    Failure   Level
 Kiss of Death            Conj/Necr      0%         2d5       87%         1
 Magic Dart               Conj           0%         1d3       87%         1
 Call Imp                 Summ           0%         N/A       95%         2
 Poisonous Vapours        Pois/Air       0%         N/A       95%         2
 Sublimation of Blood     Necr           0%         N/A       95%         2
 Confusing Touch          Hex            0%         N/A       99%         3
 Gell's Gravitas          Tloc           0%         N/A       99%         3
 Ignite Poison            Fire/Tmut/Pois 0%         N/A       99%         3
 Mephitic Cloud           Conj/Pois/Air  0%         N/A       99%         3
 Summon Guardian Golem    Hex/Summ       0%         N/A       99%         3
 Teleport Other           Tloc           0%         N/A       99%         3
 Tukima's Dance           Hex            0%         N/A       99%         3
 Dispel Undead            Necr           0%         3d6       100%        4
 Passage of Golubria      Tloc           0%         N/A       100%        4
 Petrify                  Tmut/Erth      0%         N/A       100%        4
 Sticky Flame             Conj/Fire      0%         2d3       100%        4
 Freezing Cloud           Conj/Ice/Air   0%         6-21      100%        5
 Irradiate                Conj/Tmut      0%         3d11      100%        5
 Yara's Violent Unravell  Hex/Tmut       0%         3d3       100%        5
 Dispersal                Tloc           0%         N/A       100%        6
 Orb of Destruction       Conj           0%         9d5       100%        7
 Spellforged Servitor     Conj/Summ      0%         N/A       100%        7
 Ignition                 Fire           0%         3d3       100%        8


Dungeon Overview and Level Annotations

Branches:
Dungeon (11/15)            Temple (0/1) D:4            Lair (3/5) D:11
 Shoals (1/4) Lair:3       Spider (0/4) Lair:3          Orc (0/2) D:11
  Sewer (visited)         Ossuary (visited)

Altars:
Ashenzari
Cheibriados
Dithmenos
Elyvilon
Gozag
Kikubaaqudgha
Makhleb
Trog
Uskayaw
Wu Jian
Xom
Yredelemnul

Shops:
D:1 *   D:5 =   D:9 [   D:11 =**


Message History

Aim: a tentacle (water, about 20% to evade the +7 battleaxe of the Loving Gods)
You hit the tentacle. You drain the tentacle.
The tentacle is moderately wounded.
You hit the kraken but do no damage. You drain the kraken.
You hit the tentacle. You drain the tentacle. The tentacle slaps you!
Cleave: b) +7 battleaxe of the Loving Gods {drain, Int+4}
Press: ? - help, Dir - move target, f/p - tentacle
Aim: a tentacle (water, moderately wounded, lightly drained, about 20% to evade the +7 battleaxe of the Loving Gods)
You slash the tentacle! You drain the tentacle.
The tentacle is severely wounded.
You hit the kraken but do no damage. You slash the tentacle!
The tentacle slaps you but does no damage.
The tentacle slaps you.
A tentacle rises from the water!
The tentacle slaps you! You block the tentacle's attack.
The tentacle closely misses you.
A tentacle comes into view.
Cleave: b) +7 battleaxe of the Loving Gods {drain, Int+4}
Press: ? - help, Dir - move target, f/p - tentacle
Aim: a tentacle (water, severely wounded, lightly drained, about 20% to evade the +7 battleaxe of the Loving Gods)
You hit the tentacle.
The tentacle is severely wounded.
You hit the tentacle but do no damage. You drain the tentacle.
You closely miss the tentacle. You slice the tentacle!! You hit the kraken.
The kraken bites you!! The tentacle slaps you! The tentacle slaps you.
The tentacle barely misses you. The tentacle slaps you!
* * * LOW HITPOINT WARNING * * *
You can now pass through a line of other dancers.
Cleave: b) +7 battleaxe of the Loving Gods {drain, Int+4}
Press: ? - help, Dir - move target, f/p - tentacle
Aim: a tentacle (water, severely wounded, lightly drained, about 20% to evade the +7 battleaxe of the Loving Gods)
You slash the tentacle!
You kill the tentacle!
You hit the tentacle but do no damage. You barely miss the tentacle.
You hit the kraken but do no damage. You drain the kraken.
You barely miss the tentacle. The tentacle slaps you!
* * * LOW HITPOINT WARNING * * *
The tentacle slaps you!
* * * LOW HITPOINT WARNING * * *
The kraken bites you!
You die...

≈≈≈≈≈≈≈≈≈≈#
..~≈≈≈≈≈≈≈≈≈≈≈≈≈≈#
.~~≈≈≈≈≈≈≈≈≈≈≈≈≈≈#
PP~≈≈≈≈≈≈≈≈≈≈≈≈≈≈#
~~≈≈≈≈≈≈≈≈≈≈≈≈≈≈≈#
~≈≈≈≈≈≈≈≈≈≈≈≈≈≈≈≈#
≈≈≈≈≈≈≈≈≈≈≈≈≈≈≈≈≈#
≈≈≈≈≈≈≈Xw≈≈≈≈≈≈≈≈#
≈≈≈≈≈≈w@≈≈≈≈≈≈≈≈≈#
≈≈≈≈≈≈w≈≈≈≈≈≈≈≈≈≈#
≈≈≈≈≈≈≈≈≈≈≈≈≈≈≈≈≈#
≈≈≈≈≈≈≈≈≈≈≈≈≈≈≈≈≈#
≈≈≈≈≈≈≈≈≈≈≈≈≈≈≈≈≈#
≈≈≈≈≈≈≈≈≈≈≈≈≈≈≈≈≈#
≈≈≈≈≈≈≈≈≈≈≈≈≈≈≈≈≈#
≈≈≈≈≈≈≈≈≈≈≈≈≈≈≈≈≈#
≈≈≈≈≈≈≈≈≈≈≈≈≈≈≈≈≈#


You could see a kraken (drained) and 3 tentacles.

Vanquished Creatures
  Snorg (D:11)
  A merfolk impaler (Shoals:1)
  Harold (Lair:1)
  A hydra (Lair:2)
  A two-headed ogre (D:9)
  5 death yaks (Lair:2)
  2 tengu warriors (D:11)
  Urug (Lair:1)
  Sonja (Lair:1)
  Lodul (D:11)
  A sea snake (Shoals:1)
  A flayed ghost (D:9)
  A lindwurm (Lair:2)
  A cyclops (D:6)
  A manticore (Lair:3)
  2 black mambas
  9 cane toads
  Maggie (Lair:1)
  2 komodo dragons
  A kobold demonologist (D:11)
  A rime drake (Lair:3)
  A wind drake (Lair:3)
  2 trolls (D:10)
  The ghost of Graphine the Sneak, an amateur MfBr of Dithmenos (D:5)
  A merfolk (Shoals:1)
  12 blink frogs (Lair:2)
  4 shadows
  A vampire (D:10)
  16 yaks
  2 fire bats (D:9)
  3 wyverns (D:11)
  8 wraiths
  2 basilisks
  4 vampire mosquitoes (D:11)
  2 redbacks (Lair:3)
  2 acid dragons
  6 water moccasins
  A warg (D:11)
  2 black bears (D:7)
  A sky beast (D:7)
  9 orc warriors
  4 ice beasts
  10 ogres
  3 centaurs
  5 wolves (Lair:1)
  A phantom (D:7)
  A kobold brigand (D:9)
  10 bullfrogs
  A scorpion (D:6)
  15 wights
  6 killer bees (D:8)
  A howler monkey (D:11)
  2 centaur zombies (Ossuary)
  3 hounds
  A jelly (D:5)
  4 orc priests
  3 sleepcaps
  An iguana (D:6)
  4 orc wizards
  3 mummies (Ossuary)
  7 adders
  4 river rats (Sewer)
  3 white imps (D:5)
  7 worms
  4 dart slugs
  28 orcs
  17 ball pythons
  4 endoplasms
  5 giant cockroaches
  3 goblins
  8 hobgoblins
  5 quokkas
  15 bats
  6 frilled lizards
  6 hobgoblin zombies (Ossuary)
  13 kobolds
  36 rats
  A tentacle (Shoals:1)
366 creatures vanquished.

Vanquished Creatures (others)
  A tentacle (Shoals:1)
1 creature vanquished.

Grand Total: 367 creatures vanquished

Notes
Turn   | Place    | Note
-------+----------+-------------------------------------------
     0 | D:1      | Graphine the Hill Orc Monk began the quest for the Orb.
     0 | D:1      | Reached XP level 1. HP: 19/19 MP: 1/1
   277 | D:1      | Reached XP level 2. HP: 25/27 MP: 2/2
   304 | D:1      | Reached skill level 1 in Invocations
   467 | D:1      | Found a faded altar of an unknown god.
   472 | D:1      | Prayed at the altar of an unknown god.
   472 | D:1      | Became a worshipper of Uskayaw the Reveller
   472 | D:1      | Reached * piety under Uskayaw
   472 | D:1      | Reached ** piety under Uskayaw
   698 | D:1      | Found Nudask's Assorted Antiques.
   764 | D:2      | Reached XP level 3. HP: 33/33 MP: 4/4
  1599 | D:2      | Reached skill level 1 in Armour
  1939 | D:3      | Reached XP level 4. HP: 40/40 MP: 5/5
  2331 | D:3      | Found a glowing drain.
  2342 | D:3      | Reached *** piety under Uskayaw
  2349 | Sewer    | Entered a sewer
  2413 | Sewer    | Reached skill level 5 in Axes
  2469 | Sewer    | Reached XP level 5. HP: 47/47 MP: 7/7
  2672 | Sewer    | Reached skill level 5 in Fighting
  2678 | Sewer    | Reached **** piety under Uskayaw
  2679 | Sewer    | Reached XP level 6. HP: 22/56 MP: 4/8
  2864 | Sewer    | Identified a scroll of acquirement
  2864 | Sewer    | Acquired the +7 battleaxe of the Loving Gods {drain, Int+4}
  3243 | D:4      | Found a staircase to the Ecumenical Temple.
  3301 | D:4      | Reached skill level 6 in Axes
  3438 | D:4      | Found a burning altar of Makhleb.
  3439 | D:4      | Found a basalt altar of Yredelemnul.
  3550 | D:4      | Reached XP level 7. HP: 62/62 MP: 10/10
  3785 | D:5      | Entered Level 5 of the Dungeon
  3930 | D:5      | Found a runed translucent gate.
  4187 | D:5      | Found a bloodstained altar of Trog.
  4287 | D:5      | Found Kucor's Jewellery Boutique.
  4409 | D:5      | Noticed Graphine's ghost (amateur MfBr)
  4444 | D:5      | Found a runed translucent gate.
  4444 | D:5      | Found a runed translucent gate.
  4625 | D:5      | Reached skill level 5 in Invocations
  4630 | D:5      | Killed Graphine's ghost
  4630 | D:5      | Reached ***** piety under Uskayaw
  4631 | D:5      | Reached skill level 7 in Axes
  4631 | D:5      | Reached XP level 8. HP: 65/71 MP: 10/12
  4703 | D:5      | Bought an amulet of reflection for 330 gold pieces
  4896 | D:6      | Noticed a cyclops
  4898 | D:6      | Noticed a wraith
  4902 | D:6      | Killed a cyclops
  4903 | D:6      | Reached skill level 8 in Axes
  4904 | D:6      | Killed a wraith
  4906 | D:6      | Noticed a shadow
  4913 | D:6      | Killed a shadow
  5204 | D:6      | Reached XP level 9. HP: 80/81 MP: 14/14
  5323 | D:6      | Found a sand-covered staircase.
  5354 | Ossuary  | Entered an ossuary
  5427 | D:6      | Reached skill level 9 in Axes
  6127 | D:7      | Reached skill level 5 in Armour
  7132 | D:8      | Reached skill level 10 in Axes
  7365 | D:8      | Reached XP level 10. HP: 87/91 MP: 15/17
  7424 | D:8      | Found a broken altar of Ashenzari.
  7434 | D:8      | Found a shadowy altar of Dithmenos.
  7469 | D:8      | Found an opulent altar of Gozag.
  7640 | D:8      | Found an ornate altar of the Wu Jian Council.
  7731 | D:9      | Reached skill level 10 in Invocations
  7825 | D:9      | Reached skill level 10 in Fighting
  7877 | D:9      | Reached skill level 11 in Axes
  7911 | D:9      | Noticed a two-headed ogre
  7925 | D:9      | Killed a two-headed ogre
  8332 | D:9      | Found Hupludwo's Armour Shop.
  8407 | D:9      | Found a runed translucent door.
  8461 | D:9      | Noticed a flayed ghost
  8478 | D:9      | Found a white marble altar of Elyvilon.
  8500 | D:9      | Found a broken altar of Ashenzari.
  8534 | D:9      | Found an ancient bone altar of Kikubaaqudgha.
  8672 | D:9      | Reached XP level 11. HP: 92/102 MP: 19/19
  8701 | D:9      | Found a shimmering altar of Xom.
  8715 | D:9      | Found an opulent altar of Gozag.
  8724 | D:9      | Found a snail-covered altar of Cheibriados.
  9004 | D:9      | Killed a flayed ghost
  9005 | D:9      | Reached skill level 12 in Axes
  9009 | D:9      | Identified the +1 robe of Cimycul {Will+ Dex+4 SInv}
  9128 | D:10     | Entered Level 10 of the Dungeon
  9996 | D:11     | Found a staircase to the Lair.
 10138 | D:11     | Found Uteusk's General Store.
 10215 | D:11     | Reached skill level 13 in Axes
 10512 | D:11     | Found Zanol's Assorted Antiques.
 10518 | D:11     | Found Bosatit's Jewellery Shop.
 10626 | D:11     | Noticed Lodul
 10637 | D:11     | Killed Lodul
 10815 | D:11     | Noticed Snorg
 10826 | D:11     | Killed Snorg
 10905 | D:11     | Noticed a tengu warrior
 10907 | D:11     | Noticed a tengu warrior
 10920 | D:11     | Killed a tengu warrior
 10921 | D:11     | Reached XP level 12. HP: 50/113 MP: 21/21
 10921 | D:11     | Killed a tengu warrior
 11178 | D:11     | Found a staircase to the Orcish Mines.
 11363 | Lair:1   | Entered Level 1 of the Lair of Beasts
 11377 | Lair:1   | Reached skill level 14 in Axes
 11854 | Lair:1   | Noticed Maggie
 11861 | Lair:1   | Killed Maggie
 11951 | Lair:1   | Noticed Harold
 11953 | Lair:1   | Noticed Urug
 11962 | Lair:1   | Killed Harold
 11965 | Lair:1   | Killed Urug
 12120 | Lair:1   | Noticed Sonja
 12125 | Lair:1   | Killed Sonja
 12442 | Lair:2   | Reached skill level 15 in Axes
 12695 | Lair:2   | Noticed a four-headed hydra
 12709 | Lair:2   | Killed a four-headed hydra
 12826 | Lair:2   | Reached XP level 13. HP: 121/124 MP: 24/24
 13067 | Lair:2   | Reached skill level 15 in Invocations
 13804 | Lair:3   | Found a hole to the Spider Nest.
 14064 | Lair:3   | Found a staircase to the Shoals.
 14113 | Lair:3   | Reached skill level 16 in Axes
 14118 | Shoals:1 | Entered Level 1 of the Shoals
 14363 | Shoals:1 | Noticed a merfolk impaler
 14374 | Shoals:1 | Killed a merfolk impaler
 14498 | Shoals:1 | Noticed a kraken
 14504 | Shoals:1 | Mangled by a kraken

Illustrated notes

Levels and vault maps discovered:
D:1:      dpeg_arrival_snail, layout_loops_ring,
          shapermc_ecumenical_altar_hornbeckon, serial_shops, shop
D:2:      layout_basic, minmay_rat_gold_closets
D:3:      layout_loops_ring, portal_sewer_entry_b, corexii_shack,
          wander_ebering_terrifying_dragon_lair
D:4:      layout_gridville, minitemple, minmay_temple_entry_large_hall
D:5:      layout_cave_pods, mainiacjoe_overflow_chevrons, serial_shops,
          nicolae_shop_statue_plus, gammafunk_ghost_split
D:6:      minmay_cornered_nines, layout_basic, chequers_ossuary_entry_cave
D:7:      layout_basic, kennysheep_generic_room_9
D:8:      layout_basic, nicolae_overflow_quartered_altars
D:9:      due_megacathedral, layout_basic, serial_shops, shop
D:10:     layout_loops_ring
D:11:     layout_roguey, minmay_lair_entry_grove, david_orc_1_choice,
          serial_shops, shop, nicolae_shop_trees,
          nicolae_shop_getting_attention, minmay_misc_feat_doors,
          hangedman_decor_lopped, minmay_misc_feat_x, uniq_lodul, uniq_snorg
Lair:1:   layout_cave_shapes, minivault_25, uniq_urug, uniq_maggie, uniq_harold,
          uniq_sonja
Lair:2:   wander_river, layout_cave_pods
Lair:3:   layout_roguey, minmay_shoals_entry_beasts, spider_nest_entry_webs,
          uniq_nergalle
Shoals:1: layout_shoals, uniq_nikola, uniq_mlioglotl

Skill      XL: |  1  2  3  4  5  6  7  8  9 10 11 12 13 |
---------------+----------------------------------------+-----
Invocations    | 1 2 3 4 5 7 9 11 13 14 15 | 15.6
Fighting       | 4 5 6 8 9 11 12 14 | 14.9
Armour         | 1 2 3 4 5 6 7 9 |  9.7
Axes           | 5 6 7 8 10 11 13 15 16 | 16.1
Dodging        | |  2.4
Shields        | |  0.5

Action                     |  1- 3 |  4- 6 |  7- 9 | 10-12 | 13-15 || total
---------------------------+-------+-------+-------+-------+-------++-------
  Melee: Hand axe          |   105 |   128 |       |       |       ||   233
         Battleaxe         |       |    24 |   136 |   363 |    98 ||   621
         Mace              |       |       |       |    10 |       ||    10
  Throw: Javelin           |       |       |       |    16 |    18 ||    34
 Invoke: Stomp             |       |     1 |       |     6 |       ||     7
         Grand Finale      |       |       |       |     2 |       ||     2
         Line Pass         |       |       |       |     1 |       ||     1
    Use: Scroll            |     6 |     4 |     7 |    10 |       ||    27
         Potion            |       |       |       |     1 |       ||     1
   Stab: Paralysed         |       |     3 |    13 |    43 |    12 ||    71
 Armour: Robe              |     8 |       |       |       |       ||     8
         Chain mail        |    14 |   101 |    97 |   285 |    38 ||   535
         Leather armour    |     3 |       |       |       |       ||     3
  Dodge: Dodged            |    42 |    59 |    49 |   141 |    30 ||   321
  Block: Other             |       |       |    24 |    92 |    14 ||   130
         Reflection        |       |       |     1 |     2 |     1 ||     4
